 Dungeon Crawl Stone Soup version 0.31.0-9-g3a7656b989 (webtiles) character file.

Game seed: 18180855120419656236

111 qw the Skirmisher (level 4, -2/25 HPs)
             Began as a Deep Elf Hunter on Feb 2, 2024.
             Slain by a gnoll
             ... wielding a +0 spear
              (6 damage)
             ... on level 3 of the Dungeon.
             The game lasted 00:00:07 (1873 turns).

qw the Skirmisher (Deep Elf Hunter)                 Turns: 1873, Time: 00:00:08

Health: -2/25      AC:  7    Str:  8 (10) XL:     4   Next: 62%
Magic:  6/6        EV: 10    Int: 11 (14) God:
Gold:   91         SH:  0    Dex: 16 (18) Spells: 3/3 levels left

rFire   . . .        a - +1 shortbow
rCold   . . .        (shield currently unavailable)
rNeg    . . .        h - +0 ring mail
rPois   .            d - +1 helmet
rElec   .            (no cloak)
rCorr   .            (no gloves)
SInv    .            (no boots)
Will    .....        (no amulet)
Stlth   +            (no ring)
HPRegen 0.24/turn    (no ring)
MPRegen 0.10/turn

%: no passive effects
@: no status effects
A: no striking features
a: no special abilities


You were on level 3 of the Dungeon.
You visited 1 branch of the dungeon, and saw 3 of its levels.

You collected 91 gold pieces.


   Skills:
 - Level 1.5 Fighting
 + Level 8.0 Ranged Weapons
 - Level 2.4 Dodging
 - Level 1.2 Stealth


You had 3 spell levels left.
You didn't know any spells.
Your spell library was empty.

Inventory:

Hand Weapons
 a - a +1 shortbow (weapon)
Armour
 d - a +1 helmet (worn)
 h - a +0 ring mail (worn)
Wands
 f - a wand of roots (5)
Scrolls
 c - a scroll of teleportation {unknown}
Potions
 b - a potion of haste {unknown}

Dungeon Overview and Level Annotations

Branches:
Dungeon (3/15)

Altars:


Message History

Found a pair of boots.
The gnoll shouts! x2; You hear a shout!
You shoot an arrow. The arrow hits the gnoll.
The gnoll is moderately wounded.
A gnoll comes into view. It is wielding a +0 flail.
You shoot an arrow. The arrow barely misses the gnoll.
You shoot an arrow. The arrow barely misses the gnoll.
You shoot an arrow. The arrow hits the gnoll!
You kill the gnoll!
You shoot an arrow. The arrow hits the gnoll.
The gnoll is heavily wounded.
You shoot an arrow. The arrow hits the gnoll.
The gnoll is severely wounded.
The gnoll hits you from afar with a +0 spear.
A kobold comes into view. It is wielding a +0 dagger.
You shoot an arrow. The arrow barely misses the gnoll.
The arrow completely misses the gnoll.
The arrow barely misses the kobold.
The kobold shouts!
The gnoll hits you from afar with a +0 spear.
You shoot an arrow. The arrow hits the gnoll.
The gnoll is moderately wounded.
The gnoll hits you with a +0 flail. The gnoll closely misses you.
The gnoll hits you with a +0 flail!
The gnoll hits you from afar with a +0 spear.
You shoot an arrow. The arrow hits the gnoll!
You kill the gnoll!
The gnoll hits you but does no damage.
Your Ranged Weapons skill increases to level 8!
You shoot an arrow. The arrow barely misses the gnoll.
The arrow hits the kobold.
The kobold is moderately wounded.
The gnoll hits you from afar with a +0 spear.
You shoot an arrow. The arrow barely misses the gnoll.
The gnoll misses you.
You shoot an arrow. The arrow closely misses the gnoll.
The gnoll hits you from afar with a +0 spear.
You shoot an arrow. The arrow completely misses the kobold.
The kobold hits you but does no damage.
The gnoll hits you from afar with a +0 spear.
You die...

#.##..# #.##.###
#......# #.....)#
#..#....#
....#....########
.###
#............
#####.####### #@#
.......K#
.[...g..#
....)...#
........#
........#
........#
........#


You could see a gnoll and a kobold.

Vanquished Creatures
  2 adders (D:2)
  2 gnolls (D:3)
  3 dart slugs
  6 bats
  4 endoplasms
  3 giant cockroaches
  12 goblins
  6 hobgoblins
  5 jackals (D:1)
  8 kobolds
  3 quokkas
  2 ball pythons
  5 rats
61 creatures vanquished.

Notes
Turn   | Place    | Note
-------+----------+-------------------------------------------
     0 | D:1      | qw the Deep Elf Hunter began the quest for the Orb.
     0 | D:1      | Reached XP level 1. HP: 12/12 MP: 3/3
     0 | D:1      | 0 ||| qw: Version: 0.3-a-155-g5e7d8dd
     0 | D:1      | 0 ||| qw: Game counter: 1833
     0 | D:1      | 0 ||| qw: Melee chars always use a shield: true
     0 | D:1      | 0 ||| qw: God list: Okawaru
     0 | D:1      | 0 ||| qw: Allow faded altars: false
     0 | D:1      | 0 ||| qw: Do Orc after clearing Dungeon:15 true
     0 | D:1      | 0 ||| qw: Do second Lair branch before Depths: true
     0 | D:1      | 0 ||| qw: Lair rune preference: random
     0 | D:1      | 0 ||| qw: Goals: Normal
     0 | D:1      | 0 ||| PLANNING D:1-11
     3 | D:1      | You fall into a shaft and drop 1 floor!
    11 | D:2      | 11 ||| DROPPING scroll of butterflies.
    45 | D:1      | Reached XP level 2. HP: 16/16 MP: 4/4
    47 | D:1      | Reached skill level 6 in Ranged Weapons
   462 | D:1      | Reached XP level 3. HP: 20/20 MP: 5/5
   969 | D:1      | 969 ||| UPGRADING to +0 helmet.
   974 | D:1      | 974 ||| UPGRADING to +0 ring mail.
   984 | D:1      | 984 ||| DROPPING +0 leather armour.
   985 | D:1      | 985 ||| READING scroll labelled ZITTIO HOEGONG.
   985 | D:1      | 985 ||| ENCHANTING +0 helmet.
   986 | D:1      | 986 ||| READING scroll labelled XEOSO VARPHIDD.
   987 | D:1      | 987 ||| READING scroll labelled CITWES TIBUOGG.
  1217 | D:2      | Reached skill level 7 in Ranged Weapons
  1421 | D:2      | Reached XP level 4. HP: 25/25 MP: 6/6
  1706 | D:2      | 1706 ||| READING scroll labelled RETOEB GOQOFF.
  1706 | D:2      | 1706 ||| ENCHANTING +0 shortbow.
  1707 | D:2      | 1707 ||| DRINKING 2 lumpy pink potions.
  1708 | D:2      | 1708 ||| DROPPING potion of degeneration.
  1870 | D:3      | Reached skill level 8 in Ranged Weapons
  1872 | D:3      | HP: 3/25 [gnoll/+0 spear (5)]
  1873 | D:3      | Slain by a gnoll

Levels and vault maps discovered:
D:1:      sevenhm_arrival_forest_fort_large_1, layout_loops_corners
D:2:      layout_basic, st_stairs_7, minmay_heptomino_d4
D:3:      layout_basic, minmay_misc_feat_encased, uniq_ijyb

Skill      XL: |  1  2  3  4 |
---------------+-------------+-----
Ranged Weapons | 6 7 8 |  8.0
Fighting       | |  1.5
Dodging        | |  2.4
Stealth        | |  1.2

Action                     |  1- 3 |  4- 6 || total
---------------------------+-------+-------++-------
   Fire: Shortbow          |   117 |    43 ||   160
    Use: Scroll            |     3 |     1 ||     4
         Potion            |       |     1 ||     1
 Armour: Leather armour    |    10 |       ||    10
         Ring mail         |    24 |    20 ||    44
  Dodge: Dodged            |    34 |     9 ||    43

Table legend:
 A = Non-vault XP
 B = Vault XP
 C = Vault XP percentage of total XP
 D = Non-vault monster count
 E = Vault monster count
 F = Vault count percentage of total count
                 A         B        C        D         E       F
            +---------+---------+-------+---------+---------+-------
      Total |     140 |      19 |  11.9 |      55 |       6 |   9.8
            +---------+---------+-------+---------+---------+-------
        D:1 |      53 |       2 |   3.6 |      28 |       2 |   6.7
        D:2 |      49 |      17 |  25.8 |      18 |       4 |  18.2
        D:3 |      38 |       0 |   0.0 |       9 |       0 |   0.0
            +---------+---------+-------+---------+---------+-------
